 Dungeon Crawl Stone Soup version 0.20-a0-893-g832831a (webtiles) character file.

164 4thArraOfDagon the Skirmisher (level 5, -3/40 HPs)
             Began as a Mummy Warper on Mar 17, 2017.
             Was an Initiate of Ashenzari.
             Slain by a centaur (5 damage)
             ... on level 5 of the Dungeon.
             The game lasted 00:04:33 (1712 turns).

4thArraOfDagon the Skirmisher (Mummy Warper)        Turns: 1712, Time: 00:04:34

Health: -3/40      AC:  6    Str: 14    XL:     5   Next: 21%
Magic:  9/9        EV: 10    Int: 14    God:    Ashenzari [......]
Gold:   60         SH:  0    Dex: 11    Spells: 7/9 levels left

rFire    x . .     SeeInvis .   a - +0 spear
rCold    + . .     Gourm    .   f - +0 scale mail
rNeg     + + +     Faith    .   (no shield)
rPois    ∞         Spirit   .   (no helmet)
rElec    .         Reflect  .   (no cloak)
rCorr    .         Harm     .   (no gloves)
MR       .....                  (no boots)
Stlth    ..........             (no amulet)
Regen    0.2/turn               (no ring)
MPRegen  0.2/turn               (no ring)

@: very slightly contaminated
A: no food or potions, fire vulnerability, cold resistance 1, negative energy
resistance 3, torment resistance, unbreathing
a: Curse Item, Renounce Religion


You were on level 5 of the Dungeon.
You worshipped Ashenzari.
Ashenzari was noncommittal.
You were not hungry.

You visited 1 branch of the dungeon, and saw 5 of its levels.

You collected 60 gold pieces.

Inventory:

Hand Weapons
 a - a +0 spear (weapon)
Missiles
 e - 4 tomahawks of dispersal (quivered)
Armour
 b - a +0 leather armour
 f - a +0 scale mail (worn)
Scrolls
 g - 2 scrolls of identify {unknown}
 h - 2 scrolls of remove curse
 i - a scroll of recharging {unknown}
Books
 c - a book of Spatial Translocations

   Spells                             Type                      Level
   a - Blink                          Translocation                2
   b - Shroud of Golubria             Charms/Translocation         2
   c - Lesser Beckoning               Translocation                3
   d - Gell's Gravitas                Translocation                3
   e - Teleport Other                 Translocation                3
   f - Passage of Golubria            Translocation                4


   Skills:
 + Level 2.8 Fighting
 * Level 2.8 Polearms
 - Level 0.7 Throwing
 + Level 1.9 Armour
 + Level 2.7 Dodging
 - Level 2.6 Spellcasting
 - Level 2.4 Translocations


You had 7 spell levels left.
You knew the following spells:

 Your Spells              Type           Power        Failure   Level  Hunger
a - Blink                 Tloc           N/A          56%         2    N/A

Dungeon Overview and Level Annotations

Branches:
Dungeon (5/15)
 Temple: D:4-7

Altars:
Ashenzari
Elyvilon
Vehumet

Annotations:
D:4 Pikel


Innate Abilities, Weirdness & Mutations

You do not eat or drink.
Your flesh is vulnerable to fire.
You are immune to poison.
Your flesh is cold resistant. (rC+)
You are immune to negative energy. (rN+++)
You are immune to unholy pain and torment.
You can survive without breathing.


Message History

The centaur hits you but does no damage.
The centaur hits you.
* * * LOW HITPOINT WARNING * * *
You hit the centaur.
The centaur is heavily wounded.
The centaur hits you!
* * * LOW HITPOINT WARNING * * *
You hit the centaur.
The centaur is severely wounded.
The centaur closely misses you. The centaur barely misses you.
You barely miss the centaur.
The centaur is severely wounded.
The centaur hits you.
* * * LOW HITPOINT WARNING * * *
Unknown command.
You barely miss the centaur.
The centaur is severely wounded.
The centaur hits you but does no damage.
The centaur hits you.
You die...

........# # .........#
##.# #........# .#.#
#........####...#
#........##....+##
#................#
#........._......#.
#(...............#.
#.@.........8.._...
......c...............##
........####............
........# ###..._...##.
........# #.#...#..#.
........# #.######.#.
........# #. #.#.
........# #. #... ##.#


You could see a centaur.

Vanquished Creatures
  A bullfrog zombie (D:5)
  A hound (D:4)
  A worker ant (D:5)
  2 adders (D:3)
  2 shadow imps (D:5)
  An ooze (D:3)
  3 dart slugs
  An orc (D:3)
  4 bats
  A giant cockroach (D:1)
  4 goblins
  4 hobgoblins (D:1)
  4 jackals (D:1)
  2 kobolds
  2 ball pythons
  4 rats
37 creatures vanquished.

Notes
Turn   | Place    | Note
-------+----------+-------------------------------------------
     0 | D:1      | 4thArraOfDagon the Mummy Warper began the quest for the Orb.
     0 | D:1      | Reached XP level 1. HP: 16/16 MP: 4/4
   141 | D:1      | Reached skill level 1 in Armour
   165 | D:1      | Reached XP level 2. HP: 18/22 MP: 5/5
   438 | D:3      | Reached XP level 3. HP: 21/27 MP: 7/7
   442 | D:3      | Learned a level 2 spell: Blink
   492 | D:4      | Noticed Pikel
   492 | D:4      | Noticed a slave
   493 | D:4      | Noticed a slave
   930 | D:4      | Reached XP level 4. HP: 11/34 MP: 8/8
   940 | D:4      | Noticed a slave
   961 | D:5      | Entered Level 5 of the Dungeon
  1250 | D:5      | Reached XP level 5. HP: 11/39 MP: 9/9
  1478 | D:5      | Found a radiant altar of Vehumet.
  1551 | D:5      | Found a shattered altar of Ashenzari.
  1552 | D:5      | Found a white marble altar of Elyvilon.
  1696 | D:5      | Became a worshipper of Ashenzari the Shackled
  1698 | D:5      | Noticed a centaur
  1711 | D:5      | HP: 2/40 [centaur (3)]
  1712 | D:5      | Slain by a centaur

Vault maps used:
D:1:      scummos_arrival_hexagon
D:2:      lemuel_blue_sif_altar, item_on_display_a, uniq_sigmund
D:3:      hangedman_abyss_or_decor_lesser_grid, uniq_crazy_yiuf_cottage
D:4:      serial_shops, shop, uniq_pikel, uniq_natasha
D:5:      grunt_temple_overflow_open, minmay_temple_entry_fiery, first_bread

Skill      XL: |  1  2 |
---------------+-------+-----
Armour         | 1 |  1.9
Dodging        | 2 |  2.7
Polearms       | 2 |  2.8
Fighting       | |  2.8
Throwing       | |  0.7
Spellcasting   | |  2.6
Translocations | |  2.4

Action                   |  1- 3 |  4- 6 || total
-------------------------+-------+-------++-------
Melee: Spear             |   172 |    85 ||   257
Throw: Tomahawk          |       |     1 ||     1
  Use: Scroll            |       |     1 ||     1
Armor: Scale mail        |    52 |    18 ||    70
       Leather armour    |     3 |       ||     3
Dodge: Dodged            |    81 |    40 ||   121
